 Dungeon Crawl Stone Soup version 0.17-a0-1650-gce8475a (webtiles) character file.

93 LilCorpsy the Sneak (level 4, -1/39 HPs)
             Began as a Naga Assassin on Aug 13, 2015.
             Killed by nerve-wracking pain
             ... invoked by ileska's ghost
              (13 damage)
             ... on level 3 of the Dungeon.
             The game lasted 00:06:24 (1909 turns).

LilCorpsy the Sneak (Naga Assassin)                 Turns: 1909, Time: 00:06:24

Health: -1/39      AC:  4    Str: 13    XL:     4   Next: 62%
Magic:  4/4        EV:  9    Int: 20    God:
Gold:   100        SH:  0    Dex: 14    Spells: 0 memorised, 3 levels left

rFire  . . .     SeeInvis +     b - +0 blowgun
rCold  . . .     Clarity  .     c - +0 robe
rNeg   . . .     SustAt   .     (no shield)
rPois  +         Gourm    .     (no helmet)
rElec  .         Spirit   .     d - +1 cloak
rCorr  .         Warding  .     (no gloves)
rMut   .         Stasis   .     (no barding)
MR     +....                    p - amulet of rage
Stlth  ++++......               l - +4 ring of intelligence
                                k - ring of protection from magic

@: brilliant, very slow, somewhat resistant to hostile enchantments, stealthy
A: see invisible, deformed body, poison resistance, slowness 2, slow metabolism
1, spit poison 2, AC +1
a: Spit Poison, Evoke Berserk Rage


You were on level 3 of the Dungeon.
You were not hungry.

You visited 1 branch of the dungeon, and saw 3 of its levels.

You collected 100 gold pieces.

Inventory:

Hand weapons
 a - a +2 dagger
 b - a +0 blowgun (weapon)
Missiles
 e - 2 poisoned needles (quivered)
Armour
 c - a +0 robe (worn)
 d - a +1 cloak (worn)
Jewellery
 k - a ring of protection from magic (left hand)
 l - a +4 ring of intelligence (right hand)
 p - an amulet of rage (around neck)
Scrolls
 j - a scroll of enchant armour
 m - a scroll of random uselessness
 n - 4 scrolls of identify
Comestibles
 o - 2 meat rations
 q - 4 fruits
 r - a beef jerky


   Skills:
 - Level 2.0 Fighting
 * Level 3.5 Short Blades
 - Level 1.7 Throwing
 - Level 0.7 Dodging
 * Level 7.6 Stealth


You had 3 spell levels left.
You didn't know any spells.

Dungeon Overview and Level Annotations

Branches:
Dungeon (3/15)

Altars:

Annotations:
D:3 ileska's ghost, average DENe


Innate Abilities, Weirdness & Mutations

You cannot wear boots.
Your serpentine skin is tough (AC +1).
You have supernaturally acute eyesight.
Armour fits poorly on your strangely shaped body.
Your system is resistant to poisons.
You cover ground very slowly.
You have a slow metabolism.
You can spit poison.


Message History

Firing (i - inventory):
e - 4 poisoned needles (quivered)
Press: ? - help, Shift-Dir - straight line, f/p - ileska's ghost
Aim: ileska's ghost (moderately damaged)
You shoot a poisoned needle.
The poisoned needle hits ileska's ghost!
Ileska's ghost is moderately damaged.
Ileska's ghost hits you but does no damage.
Firing (i - inventory):
e - 3 poisoned needles (quivered)
Press: ? - help, Shift-Dir - straight line, f/p - ileska's ghost
Aim: ileska's ghost (moderately damaged)
You shoot a poisoned needle.
The poisoned needle barely misses ileska's ghost.
Ileska's ghost hits you.
Ileska's ghost whispers, "There is no future for you."
Ileska's ghost hits you.
* * * LOW HITPOINT WARNING * * *
Ileska's ghost hits you but does no damage.
Ileska's ghost points at you and mumbles some strange words.
Pain shoots through your body!
You die...

###...†###(###.#
#.....##(#
+.....##.#
#.....##.#
....###.##.#
.... ##.##.#####
.... #....W....#
#... #...#.###.#
#.#.#@# #.#...#
#.....# ####..#
#..# ##.#####
##>....#
#...<#.##
#..#....#


You could see ileska's ghost.

Vanquished Creatures
  Ijyb (D:3)
  3 adders (D:2)
  2 oozes
  A giant gecko (D:2)
  2 bats (D:2)
  2 hobgoblins (D:2)
  3 jackals (D:1)
  A quokka (D:2)
  3 ball pythons
  2 giant cockroaches
  6 giant newts
  3 goblins
  2 kobolds (D:2)
  4 rats
35 creatures vanquished.

Notes
Turn   | Place    | Note
--------------------------------------------------------------
     0 | D:1      | LilCorpsy the Naga Assassin began the quest for the Orb.
     0 | D:1      | Reached XP level 1. HP: 19/19 MP: 1/1
     0 | D:1      | Noticed an ogre
     0 | D:1      | Noticed a minotaur
     0 | D:1      | Noticed a spriggan
     3 | D:1      | Noticed an elf
     5 | D:1      | Noticed a human
     7 | D:1      | Noticed a formicid
    10 | D:1      | Noticed a spriggan
    12 | D:1      | Noticed an ogre
    12 | D:1      | Noticed a vine stalker
    13 | D:1      | Noticed a dwarf
    14 | D:1      | Noticed a formicid
    14 | D:1      | Noticed an ogre
    18 | D:1      | Noticed a dwarf
    20 | D:1      | Noticed an octopode
    72 | D:1      | Reached skill level 6 in Stealth
   168 | D:1      | Reached XP level 2. HP: 23/26 MP: 2/2
  1041 | D:2      | Reached XP level 3. HP: 23/32 MP: 3/3
  1419 | D:2      | Reached skill level 7 in Stealth
  1593 | D:2      | Reached XP level 4. HP: 34/39 MP: 4/4
  1824 | D:3      | Noticed Ijyb
  1832 | D:3      | Killed Ijyb
  1863 | D:3      | Noticed ileska's ghost (average DENe)
  1909 | D:3      | Killed from afar by ileska's ghost

Vault maps used:
D:1:      shiori_arrival_whats_in_store_for_you
D:3:      lemuel_coloured_pillars_altar, lemuel_crystal_altar, first_bread,
          uniq_iyjb, uniq_sigmund, uniq_jessica

Action                   |  1- 3 |  4- 6 || total
-------------------------+-------+-------++-------
Melee: Dagger            |    77 |    36 ||   113
 Fire: Blowgun           |       |     8 ||     8
 Abil: Spit Poison       |     3 |     1 ||     4
  Use: Scroll            |       |     5 ||     5
       Potion            |       |     1 ||     1
 Stab: Sleeping          |     5 |     4 ||     9
  Eat: Bread ration      |     1 |       ||     1
